[Event "Live Chess"]
[Site "Chess.com"]
[Date "2021.02.28"]
[Round "-"]
[White "McLaggan, J Iain"]
[Black "Robertson, Callum"]
[Result "1-0"]
[BlackElo "1466"]
[CurrentPosition "8/5k1p/8/p1N1R3/8/1P1P4/1P4PP/6K1 b - -"]
[ECO "B33"]
[ECOUrl "https://www.chess.com/openings/Sicilian-Defense-Open-3...cxd4-4.Nxd4-Nf6"]
[EndDate "2021.02.28"]
[EndTime "11:52:45"]
[Link "https://www.chess.com/live/game/8249620491"]
[StartTime "11:09:36"]
[Termination "iainmclaggan won by resignation"]
[TimeControl "1500+10"]
[Timezone "UTC"]
[UTCDate "2021.02.28"]
[UTCTime "11:09:36"]
[WhiteElo "1750"]

1. e4 c5 2. Nf3 Nc6 3. d4 cxd4 4. Nxd4 Nf6 5. Nxc6 bxc6 6. Nc3 d6 7. Bc4 e5 8. Be3 Be7 9. O-O O-O 10. Qd3 Bb7 11. Rad1 Qd7 12. Bb3 Rfd8 13. f4 d5 14. fxe5 dxe4 15. Qxd7 Nxd7 16. Rxf7 Nc5 17. Rxe7+ Nxb3 18. Rxd8+ Rxd8 19. axb3 Bc8 20. e6 Rf8 21. Bd4 c5 22. Rxg7+ Kh8 23. Rf7+ cxd4 24. Rxf8+ Kg7 25. e7 Bd7 26. Nxe4 d3 27. cxd3 a5 28. Nc5 Bc6 29. e8=Q Bxe8 30. Rxe8 Kf7 31. Re5 1-0

[Event "Live Chess"]
[Site "Chess.com"]
[Date "2021.02.28"]
[Round "-"]
[White "McKay, Ruairidh"]
[Black "Keegan, James"]
[Result "1-0"]
[BlackElo "1371"]
[CurrentPosition "7Q/8/2B5/1Pn5/8/5PK1/k7/8 w - -"]
[ECO "C46"]
[ECOUrl "https://www.chess.com/openings/Three-Knights-Opening-3...Bb4"]
[EndDate "2021.02.28"]
[EndTime "12:15:50"]
[Link "https://www.chess.com/live/game/8250864609"]
[StartTime "11:33:03"]
[Termination "jennlewis won by resignation"]
[TimeControl "1500+10"]
[Timezone "UTC"]
[UTCDate "2021.02.28"]
[UTCTime "11:33:03"]
[WhiteElo "1546"]

1. e4 e5 2. Nf3 Nc6 3. Nc3 Bb4 4. d3 Nf6 5. Bd2 d6 6. a3 Ba5 7. b4 Bb6 8. Na4 Bg4 9. Nxb6 axb6 10. c3 O-O 11. Be2 Re8 12. O-O d5 13. exd5 Nxd5 14. c4 Nf6 15. b5 Bxf3 16. Bxf3 Na5 17. Bxa5 bxa5 18. Bxb7 Rb8 19. Bc6 Re6 20. Qc2 Qd4 21. Rad1 Qh4 22. h3 Nh5 23. Qe2 Rg6 24. Kh2 Rxg2+ 25. Bxg2 Nf4 26. Qf3 h5 27. Qg3 Qf6 28. Be4 Rb6 29. Rg1 g6 30. Rde1 h4 31. Qg4 Qe7 32. a4 f5 33. Bxf5 Qd6 34. Be4 Qd4 35. Qc8+ Kh7 36. Qxc7+ Kh6 37. Ref1 Ne2 38. Rg4 Rf6 39. Bg2 Qxd3 40. Rxh4+ Kg5 41. Rg4+ Kh6 42. Rh4+ Kg5 43. Qxe5+ Rf5 44. Qe7+ Rf6 45. Rg4+ Kf5 46. Qe4+ Qxe4 47. Bxe4+ Ke6 48. c5 Nc3 49. f3 Nxa4 50. Rxg6 Nxc5 51. Rxf6+ Kxf6 52. Bc6 a4 53. Ra1 Ke5 54. Kg3 Kd4 55. h4 Kc3 56. h5 Kb2 57. Rf1 a3 58. h6 a2 59. h7 a1=Q 60. Rxa1 Kxa1 61. h8=Q+ Ka2 1-0

[Event "Live Chess"]
[Site "Chess.com"]
[Date "2021.02.28"]
[Round "-"]
[White "McGillivray, Calum"]
[Black "Campbell, Duncan A F"]
[Result "1/2-1/2"]
[BlackElo "1426"]
[CurrentPosition "5k2/8/6K1/6Nb/8/8/8/8 w - -"]
[ECO "C01"]
[ECOUrl "https://www.chess.com/openings/French-Defense-Exchange-Variation-3...exd5-4.Bf4"]
[EndDate "2021.02.28"]
[EndTime "12:24:10"]
[Link "https://www.chess.com/live/game/8249670335"]
[StartTime "11:13:28"]
[Termination "Game drawn by insufficient material"]
[TimeControl "1500+10"]
[Timezone "UTC"]
[UTCDate "2021.02.28"]
[UTCTime "11:13:28"]
[WhiteElo "1502"]

1. e4 e6 2. d4 d5 3. exd5 exd5 4. Bf4 Bd6 5. Bxd6 Qxd6 6. c3 Nf6 7. Bd3 O-O 8. Nf3 Re8+ 9. Be2 Bg4 10. O-O Nbd7 11. Nbd2 Nf8 12. Bd3 Ng6 13. Qc2 Nf4 14. Rfe1 Nxd3 15. Qxd3 c6 16. Rxe8+ Rxe8 17. Re1 Rxe1+ 18. Nxe1 Qf4 19. g3 Qd6 20. Qe3 Kf8 21. f3 Bd7 22. Ng2 b6 23. b4 a5 24. a3 axb4 25. axb4 Qc7 26. Qe5 Qa7 27. Kf2 Qa3 28. Qb8+ Ke7 29. Qxb6 Qxc3 30. Qc5+ Qxc5 31. dxc5 Bc8 32. Ke3 Ba6 33. Kd4 Nd7 34. f4 Nf8 35. f5 Kf6 36. Ne3 Nd7 37. Nb3 Ne5 38. Nd2 Nd3 39. Nc2 Kxf5 40. Nb3 Ke6 41. Na5 Ne5 42. Ne1 Bb5 43. Nb7 Nc4 44. Nd3 f6 45. h4 Ne5 46. Nf4+ Kd7 47. Nd6 Bf1 48. Nh5 Ng6 49. Nxg7 Be2 50. Nge8 f5 51. Nf6+ Ke7 52. Nxh7 Bg4 53. Ng5 Nf8 54. b5 cxb5 55. Nxb5 Nd7 56. Kxd5 Nf6+ 57. Kd4 Nh5 58. Ke5 Nxg3 59. c6 Ne2 60. c7 f4 61. Nd4 Nxd4 62. Kxd4 Kd7 63. Ke4 Kxc7 64. Kxf4 Bd1 65. Ke5 Kd7 66. Kf6 Ke8 67. Kg7 Ke7 68. Kg6 Kf8 69. h5 Bxh5+ 1/2-1/2

[Event "Live Chess"]
[Site "Chess.com"]
[Date "2021.02.28"]
[Round "-"]
[White "Coates, Sam"]
[Black "Ridge, Benjamin"]
[Result "1/2-1/2"]
[BlackElo "1339"]
[CurrentPosition "r5k1/2b2ppp/4p3/r1p1P1P1/1pPpNP2/1P3KP1/P2R3R/8 w - -"]
[ECO "C07"]
[ECOUrl "https://www.chess.com/openings/French-Defense-Tarrasch-Open-Euwe-Keres-Line-4...Nc6"]
[EndDate "2021.02.28"]
[EndTime "12:11:10"]
[Link "https://www.chess.com/live/game/8249666335"]
[StartTime "11:13:12"]
[Termination "Game drawn by repetition"]
[TimeControl "1500+10"]
[Timezone "UTC"]
[UTCDate "2021.02.28"]
[UTCTime "11:13:12"]
[WhiteElo "1567"]

1. e4 e6 2. d4 d5 3. Nd2 c5 4. Ngf3 Nc6 5. Bb5 a6 6. Bxc6+ bxc6 7. O-O Qb6 8. dxc5 Bxc5 9. e5 Qc7 10. Nb3 Bb6 11. Qe2 a5 12. c4 Ba6 13. Nbd2 Ne7 14. b3 O-O 15. Bb2 Ng6 16. g3 Rfd8 17. Rfe1 c5 18. Rad1 Qb8 19. Ba3 Qc7 20. Qe3 d4 21. Qg5 Bb7 22. h4 Qe7 23. Ne4 Qxg5 24. hxg5 Rac8 25. Kg2 Bxe4 26. Rxe4 Rd7 27. Rd3 Ne7 28. Re1 Nc6 29. Nd2 Nb4 30. Bxb4 axb4 31. Ne4 Ra8 32. Re2 Rda7 33. Rdd2 Ra5 34. f4 Bc7 35. Kf3 Kf8 36. Rh2 Kg8 37. Rhg2 R8a7 38. Rh2 Ra8 39. Rhg2 Rd8 40. Rh2 Rda8 1/2-1/2

[Event "Live Chess"]
[Site "Chess.com"]
[Date "2021.02.28"]
[Round "-"]
[White "Whittaker, Ian P"]
[Black "Harvey, Stephen David"]
[Result "1-0"]
[BlackElo "1511"]
[CurrentPosition "5rk1/pQr2pb1/R4npn/2Pp3p/3Pp3/B1N1P2P/5PP1/1R3NK1 b - -"]
[ECO "A00"]
[ECOUrl "https://www.chess.com/openings/Polish-Opening-1...Nf6-2.Bb2"]
[EndDate "2021.02.28"]
[EndTime "11:55:52"]
[Link "https://www.chess.com/live/game/8250200533"]
[StartTime "11:18:26"]
[Termination "scotsgeek won by resignation"]
[TimeControl "1500+10"]
[Timezone "UTC"]
[UTCDate "2021.02.28"]
[UTCTime "11:18:26"]
[WhiteElo "1713"]

1. b4 Nf6 2. Bb2 d6 3. e3 e5 4. c4 g6 5. Be2 Bg7 6. Nf3 O-O 7. O-O c6 8. d4 e4 9. Nfd2 d5 10. Nc3 Na6 11. b5 Nc7 12. a4 Be6 13. Qc2 Rc8 14. c5 Qd7 15. Rfb1 h5 16. a5 Nce8 17. a6 Bg4 18. Nf1 Bxe2 19. Qxe2 Ng4 20. h3 Nh6 21. axb7 Qxb7 22. Ra6 cxb5 23. Qxb5 Rc7 24. Ba3 Nf6 25. Qxb7 1-0

[Event "Live Chess"]
[Site "Chess.com"]
[Date "2021.02.28"]
[Round "-"]
[White "Campbell, Alistair W I"]
[Black "Rushing, Alexander J"]
[Result "1-0"]
[BlackElo "1543"]
[CurrentPosition "7R/1k2P3/3P1K2/6p1/5p1p/5P1P/4r3/8 b - -"]
[ECO "D06"]
[ECOUrl "https://www.chess.com/openings/Queens-Gambit-Declined-Marshall-Defense-3.Nc3"]
[EndDate "2021.02.28"]
[EndTime "11:56:43"]
[Link "https://www.chess.com/live/game/8249638085"]
[StartTime "11:10:42"]
[Termination "AWICPleaseChange won by resignation"]
[TimeControl "1500+10"]
[Timezone "UTC"]
[UTCDate "2021.02.28"]
[UTCTime "11:10:42"]
[WhiteElo "1605"]

1. d4 d5 2. c4 Nf6 3. Nc3 c6 4. Nf3 e6 5. cxd5 exd5 6. Bg5 Be7 7. Qc2 O-O 8. e3 Ne4 9. Bxe7 Qxe7 10. Bd3 Nxc3 11. bxc3 f5 12. O-O g6 13. c4 Be6 14. cxd5 Bxd5 15. Bc4 Bxc4 16. Qxc4+ Qf7 17. Qb4 a5 18. Qc3 b5 19. Ne5 Qe6 20. Rfc1 b4 21. Qc4 Qxc4 22. Rxc4 Rc8 23. Rac1 Kg7 24. Nxc6 Nxc6 25. Rxc6 Rxc6 26. Rxc6 Rb8 27. Kf1 a4 28. Ra6 b3 29. axb3 axb3 30. Ra1 b2 31. Rb1 Kf6 32. Ke2 Ke6 33. Kd2 h5 34. Kc2 g5 35. Rxb2 Rc8+ 36. Kd3 Rc1 37. f3 Rd1+ 38. Rd2 Ra1 39. e4 Ra3+ 40. Kc4 f4 41. d5+ Kd6 42. Rb2 Ra6 43. h3 Ra4+ 44. Rb4 Ra2 45. Rb6+ Kc7 46. Rc6+ Kd7 47. Rh6 h4 48. e5 Rxg2 49. Rh7+ Kc8 50. e6 Rc2+ 51. Kd4 Rd2+ 52. Ke5 Kd8 53. d6 Re2+ 54. Kf6 Kc8 55. Rh8+ Kb7 56. e7 1-0

[Event "Live Chess"]
[Site "Chess.com"]
[Date "2021.02.28"]
[Round "-"]
[White "McKinnon, Scott"]
[Black "Doris, Peter J"]
[Result "0-1"]
[BlackElo "1508"]
[CurrentPosition "8/8/8/1p6/p3n3/PP1K4/3r4/3kq3 w - -"]
[ECO "C02"]
[ECOUrl "https://www.chess.com/openings/French-Defense-Advance-Variation-3...c5-4.c3"]
[EndDate "2021.02.28"]
[EndTime "11:56:57"]
[Link "https://www.chess.com/live/game/8249654415"]
[StartTime "11:12:42"]
[Termination "Stoic1 won by checkmate"]
[TimeControl "1500+10"]
[Timezone "UTC"]
[UTCDate "2021.02.28"]
[UTCTime "11:12:42"]
[WhiteElo "1491"]

1. e4 e6 2. d4 d5 3. e5 c5 4. c3 Ne7 5. Na3 Nec6 6. Nf3 b6 7. Bg5 Qd7 8. Be2 Ba6 9. Bxa6 Nxa6 10. O-O Nc7 11. Nc2 a5 12. Ne3 b5 13. a3 a4 14. Nh4 h6 15. Qh5 Rg8 16. Ng4 hxg5 17. Nf3 O-O-O 18. Nxg5 g6 19. Qh3 Ne8 20. Qf3 Rg7 21. Nf6 Nxf6 22. Qxf6 Qe7 23. dxc5 Qc7 24. Rad1 Qxe5 25. Qxe5 Nxe5 26. Rfe1 Nc4 27. Re2 Be7 28. Nf3 Bxc5 29. Nd4 Bxd4 30. Rxd4 e5 31. Rh4 Rdg8 32. f4 e4 33. Rg4 f5 34. Rh4 Kd7 35. Kf1 Kd6 36. Ke1 Kc5 37. Kd1 d4 38. cxd4+ Kxd4 39. Rh3 g5 40. fxg5 Rxg5 41. g3 Rd8 42. Kc2 Ne3+ 43. Kb1 Kd3 44. Rf2 Ng4 45. Rf1 Ke2 46. Rc1 Rd1 47. Rxd1 Kxd1 48. Rh8 e3 49. Rd8+ Ke1 50. Kc2 Nxh2 51. Re8 e2 52. Re3 Nf1 53. Rf3 Nxg3 54. Re3 Ne4 55. Kd3 Rg2 56. Rf3 Kd1 57. Rxf5 e1=Q 58. Rf2 Rxf2 59. b3 Rd2# 0-1

[Event "Live Chess"]
[Site "Chess.com"]
[Date "2021.02.28"]
[Round "-"]
[White "Campbell, Duncan A F"]
[Black "Nahapetyan, Narek "]
[Result "0-1"]
[BlackElo "1732"]
[CurrentPosition "8/8/8/6pk/1R6/8/4rp1p/7K w - -"]
[ECO "C30"]
[ECOUrl "https://www.chess.com/openings/Kings-Gambit"]
[EndDate "2021.02.28"]
[EndTime "14:41:46"]
[Link "https://www.chess.com/live/game/8259831919"]
[StartTime "13:59:52"]
[Termination "NarekNahapetyan won by resignation"]
[TimeControl "1500+10"]
[Timezone "UTC"]
[UTCDate "2021.02.28"]
[UTCTime "13:59:52"]
[WhiteElo "1387"]

1. e4 e5 2. f4 d6 3. Nf3 Nc6 4. d4 exd4 5. Nxd4 Nf6 6. Nc3 Be7 7. Bb5 Bd7 8. O-O O-O 9. Be3 Nxd4 10. Bxd4 Bxb5 11. Nxb5 Nxe4 12. Re1 d5 13. Qg4 Bf6 14. Rad1 c6 15. Nc3 Bxd4+ 16. Rxd4 Qb6 17. Rd1 Qxb2 18. Nxe4 dxe4 19. Rxe4 Qxc2 20. Qe2 Qc5+ 21. Kf1 h6 22. Re7 b5 23. Rdd7 Qc1+ 24. Kf2 Qxf4+ 25. Qf3 Qh4+ 26. Kf1 Qc4+ 27. Qe2 Qxe2+ 28. Kxe2 Rfe8 29. Kf3 Rxe7 30. Rxe7 a5 31. Rc7 Ra6 32. Ke4 b4 33. Kd4 a4 34. Kc4 b3 35. axb3 axb3 36. Kxb3 Rb6+ 37. Kc3 Rb1 38. Kd2 Rg1 39. g3 Rg2+ 40. Ke3 Rc2 41. h4 c5 42. Kd3 Rg2 43. Rxc5 Rxg3+ 44. Ke2 Rg4 45. Rc8+ Kh7 46. Rc7 f6 47. Kf3 Rxh4 48. Kg3 Re4 49. Kf3 Ra4 50. Kg3 Kg6 51. Rb7 h5 52. Kh3 f5 53. Kg3 Ra3+ 54. Kh4 Ra4+ 55. Kg3 Rd4 56. Ra7 Rd6 57. Kh4 Kh6 58. Kg3 g5 59. Rb7 h4+ 60. Kh3 Rd3+ 61. Kg2 Kh5 62. Rb5 Kg4 63. Rb4+ f4 64. Rb5 h3+ 65. Kh2 Rd2+ 66. Kh1 f3 67. Kg1 h2+ 68. Kh1 f2 69. Rb1 Kg3 70. Rb3+ Kg4 71. Rb1 Re2 72. Rb4+ Kh5 0-1

[Event "Live Chess"]
[Site "Chess.com"]
[Date "2021.02.28"]
[Round "-"]
[White "Ley P., Chihon"]
[Black "Coates, Sam"]
[Result "0-1"]
[BlackElo "1651"]
[CurrentPosition "5r1k/2p4p/1p1pR1pQ/p2Pb3/P1P5/1P6/8/5q1K w - -"]
[ECO "A16"]
[ECOUrl "https://www.chess.com/openings/English-Opening-Anglo-Indian-Queens-Knight-Variation-2...g6-3.g3"]
[EndDate "2021.02.28"]
[EndTime "14:58:50"]
[Link "https://www.chess.com/live/game/8259831605"]
[StartTime "13:59:39"]
[Termination "DrForkster won by checkmate"]
[TimeControl "1500+10"]
[Timezone "UTC"]
[UTCDate "2021.02.28"]
[UTCTime "13:59:39"]
[WhiteElo "1696"]

1. c4 Nf6 2. Nc3 g6 3. g3 Bg7 4. e4 d6 5. Bg2 O-O 6. Nge2 e5 7. h3 Nc6 8. O-O Be6 9. Nd5 Qd7 10. Kh2 a5 11. d3 Ne8 12. f4 f5 13. exf5 Bxf5 14. Rb1 Nf6 15. Nxf6+ Rxf6 16. Nc3 Raf8 17. Nd5 R6f7 18. Be3 exf4 19. Bxf4 Ne5 20. Bxe5 Bxe5 21. Qd2 b6 22. Rbe1 Be6 23. Rxf7 Rxf7 24. d4 Bg7 25. b3 Rf8 26. Nf4 Bf7 27. Ne6 Bxe6 28. Rxe6 Kh8 29. d5 Be5 30. h4 Qd8 31. a4 Qxh4+ 32. Kg1 Qxg3 33. Qh6 Qf2+ 34. Kh1 Qe1+ 35. Bf1 Qxf1# 0-1

[Event "Live Chess"]
[Site "Chess.com"]
[Date "2021.02.28"]
[Round "-"]
[White "Harvey, Stephen David"]
[Black "James, William"]
[Result "0-1"]
[BlackElo "1632"]
[CurrentPosition "8/3R1pk1/p1r2p1p/Pp6/1P6/2n4P/6K1/8 w - -"]
[ECO "B50"]
[ECOUrl "https://www.chess.com/openings/Sicilian-Defense-2.Nf3-d6"]
[EndDate "2021.02.28"]
[EndTime "14:45:28"]
[Link "https://www.chess.com/live/game/8259838295"]
[StartTime "14:00:18"]
[Termination "doman85 won by resignation"]
[TimeControl "1500+10"]
[Timezone "UTC"]
[UTCDate "2021.02.28"]
[UTCTime "14:00:18"]
[WhiteElo "1441"]

1. e4 c5 2. Nf3 d6 3. d3 Nc6 4. g3 Bg4 5. Bg2 g6 6. h3 Bxf3 7. Bxf3 Bg7 8. c3 Nf6 9. O-O Qd7 10. Bg2 O-O 11. a4 a6 12. Nd2 b5 13. Nf3 c4 14. Bg5 cxd3 15. Qxd3 Rab8 16. a5 Qc7 17. b4 Nd7 18. Rac1 Nce5 19. Nxe5 Nxe5 20. Qe2 Rbc8 21. f4 Nc4 22. f5 h6 23. Be3 d5 24. Bf4 Qa7+ 25. Kh2 dxe4 26. Qxe4 g5 27. Qb7 Qxb7 28. Bxb7 gxf4 29. Bxc8 fxg3+ 30. Kxg3 Rxc8 31. Rfe1 Bf6 32. Re4 Nb2 33. Re3 Bg5 34. Rce1 Bxe3 35. Rxe3 Kf8 36. f6 exf6 37. Rf3 Kg7 38. Re3 Nd1 39. Re7 Rxc3+ 40. Kh2 Nf2 41. Ra7 Rc6 42. Rd7 Ne4 43. Kg2 Nc3 0-1

[Event "Live Chess"]
[Site "Chess.com"]
[Date "2021.02.28"]
[Round "-"]
[White "Pok Lo, Wang"]
[Black "Campbell, Alistair W I"]
[Result "0-1"]
[BlackElo "1607"]
[CurrentPosition "8/5p1p/8/6p1/5pP1/pp2kP2/7P/1K6 w - -"]
[ECO "D00"]
[ECOUrl "https://www.chess.com/openings/Queens-Pawn-Opening-Chigorin-Variation-2...Nf6-3.Bf4"]
[EndDate "2021.02.28"]
[EndTime "14:39:08"]
[Link "https://www.chess.com/live/game/8259863009"]
[StartTime "14:01:41"]
[Termination "AWICPleaseChange won by resignation"]
[TimeControl "1500+10"]
[Timezone "UTC"]
[UTCDate "2021.02.28"]
[UTCTime "14:01:41"]
[WhiteElo "985"]

1. d4 d5 2. Nc3 Nf6 3. Bf4 e6 4. e3 Bd6 5. Nf3 Bxf4 6. exf4 O-O 7. g3 Nbd7 8. Bg2 c5 9. O-O b6 10. Rc1 Bb7 11. Ne2 Rc8 12. c4 cxd4 13. cxd5 Nxd5 14. Nfxd4 N7f6 15. Nb5 Rxc1 16. Qxc1 Qd7 17. Nbc3 Rc8 18. Rd1 Qe7 19. Qd2 g6 20. a3 Nxc3 21. Nxc3 Bxg2 22. Kxg2 Qb7+ 23. Kg1 Ne4 24. Nxe4 Qxe4 25. Rc1 Rxc1+ 26. Qxc1 Qd4 27. Qc8+ Kg7 28. Qc3 Qxc3 29. bxc3 Kf6 30. g4 e5 31. Kf1 exf4 32. f3 g5 33. Ke2 Ke5 34. Kd2 Kd5 35. Kd3 b5 36. Kc2 Kc4 37. Kd2 Kb3 38. Kd3 Kxa3 39. Kc2 Ka4 40. Kb2 Ka5 41. Kb3 Kb6 42. Ka3 Kc5 43. Kb3 a5 44. Kc2 Kc4 45. Kd2 a4 46. Kc2 a3 47. Kb1 Kxc3 48. Ka1 b4 49. Kb1 b3 50. Ka1 Kd3 51. Kb1 Ke3 0-1

[Event "Live Chess"]
[Site "Chess.com"]
[Date "2021.02.28"]
[Round "-"]
[White "Paul, Rabindra"]
[Black "McGillivray, Calum"]
[Result "1-0"]
[BlackElo "1489"]
[CurrentPosition "3b1Q1k/pb1r3p/1p4p1/2p1p3/4P3/2P2NP1/PP3PB1/3rR1K1 b - -"]
[ECO "A07"]
[ECOUrl "https://www.chess.com/openings/Kings-Indian-Attack-Yugoslav-Variation-3.Bg2-e6"]
[EndDate "2021.02.28"]
[EndTime "14:30:41"]
[Link "https://www.chess.com/live/game/8259912255"]
[StartTime "14:04:44"]
[Termination "herr_doktor won by checkmate"]
[TimeControl "1500+10"]
[Timezone "UTC"]
[UTCDate "2021.02.28"]
[UTCTime "14:04:44"]
[WhiteElo "1798"]

1. Nf3 d5 2. g3 Nf6 3. Bg2 e6 4. O-O c5 5. d3 Bd6 6. Nbd2 Nc6 7. Re1 O-O 8. e4 dxe4 9. dxe4 e5 10. c3 b6 11. Qc2 Bb7 12. Nc4 Bc7 13. Bg5 Qe7 14. Ne3 Qe6 15. Bxf6 Qxf6 16. Nd5 Qd8 17. Rad1 Ne7 18. Nf6+ gxf6 19. Rxd8 Raxd8 20. Qc1 Rd3 21. Qh6 Rfd8 22. Qxf6 Ng6 23. Qg5 Kh8 24. h4 R8d7 25. h5 Bd8 26. Qh6 Rd1 27. hxg6 fxg6 28. Qf8# 1-0

[Event "Live Chess"]
[Site "Chess.com"]
[Date "2021.02.28"]
[Round "-"]
[White "Ridge, Benjamin"]
[Black "Brown, Steven A"]
[Result "1-0"]
[BlackElo "1888"]
[CurrentPosition "5b2/3N4/5k2/3P3P/4K3/8/8/8 b - -"]
[ECO "A11"]
[ECOUrl "https://www.chess.com/openings/English-Opening-Caro-Kann-Defensive-System-2.Nc3-d5"]
[EndDate "2021.02.28"]
[EndTime "14:31:29"]
[Link "https://www.chess.com/live/game/8260479111"]
[StartTime "14:12:39"]
[Termination "scottishbenjo won by resignation"]
[TimeControl "1500+10"]
[Timezone "UTC"]
[UTCDate "2021.02.28"]
[UTCTime "14:12:39"]
[WhiteElo "1525"]

1. c4 c6 2. Nc3 d5 3. cxd5 cxd5 4. d4 Nc6 5. Nf3 a6 6. Bf4 Nf6 7. e3 Bg4 8. Be2 e6 9. Ne5 Bxe2 10. Qxe2 Rc8 11. O-O Be7 12. Rac1 O-O 13. Qd2 Nh5 14. Nxc6 Rxc6 15. Ne2 Nxf4 16. Nxf4 Qd7 17. Rxc6 bxc6 18. Nd3 Rb8 19. b3 Qb7 20. Rc1 Qb5 21. Nc5 a5 22. h3 h6 23. Qc3 Qb4 24. Qxb4 axb4 25. Rc2 Ra8 26. Nd3 f6 27. Rxc6 Rxa2 28. Rxe6 Kf7 29. Rb6 Ra1+ 30. Kh2 Rb1 31. Nxb4 Rxb3 32. Nxd5 Rxb6 33. Nxb6 Ke6 34. g4 f5 35. Kg3 fxg4 36. hxg4 g6 37. f4 h5 38. f5+ gxf5 39. gxh5 Bg5 40. Kf3 Bh6 41. Nc4 Kd5 42. Ne5 Ke6 43. e4 fxe4+ 44. Kxe4 Bf8 45. d5+ Kf6 46. Nd7+ 1-0

[Event "Live Chess"]
[Site "Chess.com"]
[Date "2021.02.28"]
[Round "-"]
[White "Robinson, Stephen"]
[Black "Whittaker, Ian P"]
[Result "1-0"]
[BlackElo "1691"]
[CurrentPosition "6rk/5r1p/p7/5p2/4nN1P/2P5/1P4P1/R4RK1 b - -"]
[ECO "A45"]
[ECOUrl "https://www.chess.com/openings/Indian-Game"]
[EndDate "2021.02.28"]
[EndTime "14:49:52"]
[Link "https://www.chess.com/live/game/8259854411"]
[StartTime "14:01:12"]
[Termination "Stephenrobinson10 won on time"]
[TimeControl "1510"]
[Timezone "UTC"]
[UTCDate "2021.02.28"]
[UTCTime "14:01:12"]
[WhiteElo "1627"]

1. d4 Nf6 2. Bf4 d6 3. Nc3 g6 4. e4 Bg7 5. Qd2 a6 6. a4 c6 7. a5 b5 8. axb6 Qxb6 9. Na4 Qd8 10. Bd3 O-O 11. Ne2 Nbd7 12. O-O e5 13. Bg5 exd4 14. Nxd4 Ne5 15. f4 Nxd3 16. Qxd3 Qc7 17. f5 d5 18. e5 Qxe5 19. Nxc6 Qd6 20. Nd4 Ne4 21. Bf4 Qf6 22. c3 gxf5 23. Nf3 Bb7 24. Be5 Qg6 25. Bxg7 Kxg7 26. Qd4+ f6 27. Nh4 Qg4 28. Nxf5+ Kh8 29. h3 Qg5 30. Ne3 Rf7 31. Nb6 Rg8 32. Nbxd5 Bxd5 33. h4 Qe5 34. Qxd5 Qxd5 35. Nxd5 f5 36. Nf4 1-0

[Event "Live Chess"]
[Site "Chess.com"]
[Date "2021.02.28"]
[Round "-"]
[White "Rushing, Alexander J"]
[Black "McLaggan, J Iain"]
[Result "1-0"]
[BlackElo "1633"]
[CurrentPosition "6k1/ppp1r2p/2nb1Pp1/3p4/3P1P2/P3PN1R/1P1N1K2/7R b - -"]
[ECO "A45"]
[ECOUrl "https://www.chess.com/openings/Trompowsky-Attack-Raptor-Variation"]
[EndDate "2021.02.28"]
[EndTime "14:41:27"]
[Link "https://www.chess.com/live/game/8260486413"]
[StartTime "14:13:15"]
[Termination "Anacampserote won by resignation"]
[TimeControl "1500+10"]
[Timezone "UTC"]
[UTCDate "2021.02.28"]
[UTCTime "14:13:15"]
[WhiteElo "1559"]

1. d4 Nf6 2. Bg5 Ne4 3. h4 d5 4. Nd2 Nxg5 5. hxg5 Bf5 6. e3 e6 7. c4 Nc6 8. g4 Bg6 9. Qb3 Bb4 10. cxd5 Qxd5 11. Qxd5 exd5 12. a3 Be7 13. f4 f5 14. gxf5 Bxf5 15. Bh3 O-O 16. Bxf5 Rxf5 17. Ngf3 Re8 18. Kf2 Bd6 19. Rac1 Re7 20. Rh3 g6 21. Rch1 Rf6 22. gxf6 1-0

[Event "Live Chess"]
[Site "Chess.com"]
[Date "2021.02.28"]
[Round "-"]
[White "Keegan, James"]
[Black "McKinnon, Scott"]
[Result "1-0"]
[BlackElo "1480"]
[CurrentPosition "8/3qkp1p/p1rppN2/4p3/2p5/5Q2/PPP2PKP/3RR3 b - -"]
[ECO "B50"]
[ECOUrl "https://www.chess.com/openings/Sicilian-Defense-2.Nf3-d6"]
[EndDate "2021.02.28"]
[EndTime "14:03:14"]
[Link "https://www.chess.com/live/game/8259823517"]
[StartTime "13:59:14"]
[Termination "jameskeegan won by resignation"]
[TimeControl "1500+10"]
[Timezone "UTC"]
[UTCDate "2021.02.28"]
[UTCTime "13:59:14"]
[WhiteElo "1382"]

1. e4 c5 2. Nf3 d6 3. Bc4 Nc6 4. O-O Nf6 5. Nc3 e6 6. d4 cxd4 7. Nxd4 a6 8. Bg5 Be7 9. Re1 b5 10. Nxc6 Qd7 11. Nxe7 bxc4 12. Nxc8 Rxc8 13. Bxf6 gxf6 14. Qf3 Ke7 15. Rad1 Rhg8 16. e5 fxe5 17. Ne4 Rc6 18. Nf6 Rxg2+ 19. Kxg2 1-0

[Event "Live Chess"]
[Site "Chess.com"]
[Date "2021.02.28"]
[Round "-"]
[White "Begg, David"]
[Black "Robertson, David A"]
[Result "1-0"]
[BlackElo "1741"]
[CurrentPosition "8/p4kp1/1pBPn3/1P6/8/P7/5K2/8 b - -"]
[ECO "A46"]
[ECOUrl "https://www.chess.com/openings/Indian-Game-Yusupov-Rubinstein-System-3...c5-4.Bd3"]
[EndDate "2021.02.28"]
[EndTime "14:50:04"]
[Link "https://www.chess.com/live/game/8259888191"]
[StartTime "14:03:27"]
[Termination "Old-Woodpusher won on time"]
[TimeControl "1510"]
[Timezone "UTC"]
[UTCDate "2021.02.28"]
[UTCTime "14:03:27"]
[WhiteElo "1739"]

1. d4 Nf6 2. Nf3 e6 3. e3 c5 4. Bd3 Nc6 5. O-O cxd4 6. exd4 Nb4 7. Be2 Qc7 8. c3 Nbd5 9. c4 Nf4 10. Re1 Bb4 11. Nc3 O-O 12. Bf1 d5 13. g3 Ng6 14. c5 Ne4 15. Nb5 Qb8 16. Bd2 Nxd2 17. Nxd2 e5 18. a3 Bxd2 19. Qxd2 e4 20. b4 f5 21. Qg5 Bd7 22. Nd6 b6 23. Bh3 Qd8 24. Qxd8 Raxd8 25. b5 f4 26. Bf1 Be6 27. Nb7 Rd7 28. c6 Rdf7 29. Nd6 Rf6 30. Ra2 Bg4 31. Nxe4 dxe4 32. Rxe4 Be6 33. Rd2 fxg3 34. hxg3 Bd5 35. Re3 h5 36. Rc3 h4 37. c7 Bb7 38. Bh3 hxg3 39. c8=Q Bxc8 40. Rxc8 gxf2+ 41. Kf1 Nf4 42. Rxf8+ Rxf8 43. Bd7 Rd8 44. Bc6 Nh3 45. Kg2 Rf8 46. Rd1 f1=Q+ 47. Rxf1 Rxf1 48. Kxf1 Nf4 49. d5 Kf7 50. d6 Ne6 51. Kf2 1-0

[Event "Live Chess"]
[Site "Chess.com"]
[Date "2021.02.28"]
[Round "-"]
[White "McKay, Jonathan"]
[Black "Donkin, Chris"]
[Result "1-0"]
[BlackElo "1595"]
[CurrentPosition "2rrn1k1/1p2Np1p/p1qpp1p1/8/2PRPP2/5Q1P/PP4P1/5R1K b - -"]
[ECO "B52"]
[ECOUrl "https://www.chess.com/openings/Sicilian-Defense-Canal-Main-Line-Sokolsky-Variation-5...Nc6-6.Nc3"]
[EndDate "2021.02.28"]
[EndTime "14:20:09"]
[Link "https://www.chess.com/live/game/8259795487"]
[StartTime "13:57:21"]
[Termination "dandytastic117 won by resignation"]
[TimeControl "1500+10"]
[Timezone "UTC"]
[UTCDate "2021.02.28"]
[UTCTime "13:57:21"]
[WhiteElo "1968"]

1. e4 c5 2. Nf3 d6 3. Bb5+ Bd7 4. Bxd7+ Qxd7 5. c4 Nc6 6. Nc3 g6 7. d4 cxd4 8. Nxd4 Bg7 9. Be3 Nf6 10. h3 O-O 11. O-O a6 12. f4 Rfd8 13. Qf3 Ne8 14. Rad1 Nxd4 15. Bxd4 Bxd4+ 16. Rxd4 Qc6 17. Kh1 Rac8 18. Nd5 e6 19. Ne7+ 1-0